 Dungeon Crawl Stone Soup version 0.26-a0-863-g3bff4b215c (webtiles) character file.

Game seed: 9964168571623678750

9770 jiml777 the Thaumaturge (level 11, -7/54 HPs)
             Began as a Deep Elf Air Elementalist on Nov 25, 2020.
             Was a Priest of Sif Muna.
             Mangled by a water elemental (12 damage)
             ... on level 11 of the Dungeon on Nov 26, 2020.
             The game lasted 01:29:59 (13103 turns).

jiml777 the Thaumaturge (DEAE)                     Turns: 13103, Time: 01:30:00

Health: -7/54      AC: 12    Str:  5    XL:     11   Next: 27%
Magic:  26/29      EV: 17    Int: 24    God:    Sif Muna [***...]
Gold:   595        SH:  0    Dex: 15    Spells: 15/35 levels left

rFire    . . .     SeeInvis .   i - +3 quarterstaff (chaos)
rCold    . . .     Faith    .   (shield currently unavailable)
rNeg     . . .     Spirit   .   f - +0 robe {Archmagi}
rPois    .         Reflect  .   b - +2 helmet
rElec    .         Harm     .   a - +2 cloak {MR+}
rCorr    .         Rampage  .   (no gloves)
MR       ++...                  (no boots)
Stlth    ++........             (no amulet)
HPRegen  0.18/turn              v - +4 ring of evasion
MPRegen  0.21/turn              p - +4 ring of protection

@: engulfed (cannot breathe)
A: no striking features
a: Channel Magic, Forget Spell, Renounce Religion


You were on level 11 of the Dungeon.
You worshipped Sif Muna.
Sif Muna was most pleased with you.
You visited 3 branches of the dungeon, and saw 12 of its levels.

You collected 595 gold pieces.

Inventory:

Hand Weapons
 i - a +3 quarterstaff of chaos (weapon)
 j - the +7 war axe of the Bruised Violins {drain, +Blink rElec MR+ Int-2}
   (You found it on level 7 of the Dungeon)

   A truly terrible weapon, it drains the life of those it strikes.
   It affects your intelligence (-2).
   It insulates you from electricity.
   It affects your resistance to hostile enchantments.
   It lets you blink.
 o - a +3 dagger of venom
 t - a +4 shortbow of flaming
Missiles
 d - 207 arrows
 h - 29 poisoned darts (quivered)
Armour
 a - a +2 cloak of magic resistance (worn)
 b - a +2 helmet (worn)
 f - a +0 robe of the Archmagi (worn)
Jewellery
 m - an uncursed ring of resist corrosion
 p - a +4 ring of protection (right hand)
 v - a +4 ring of evasion (left hand)
Wands
 l - a wand of random effects (11)
 r - a wand of iceblast (11)
 w - a wand of acid (8)
Scrolls
 c - 3 scrolls of remove curse
 e - 5 scrolls of teleportation
 g - 6 scrolls of identify
 k - a scroll of fear
 q - a scroll of magic mapping
Potions
 n - 2 potions of curing
 s - a potion of invisibility
 u - a potion of haste


   Skills:
 + Level 0.1 Fighting
 + Level 0.5 Staves
 + Level 2.9 Dodging
 + Level 3.5 Stealth
 + Level 12.9 Spellcasting
 * Level 6.1 Conjurations
 * Level 7.1 Hexes
 * Level 5.6 Translocations
 * Level 4.8 Ice Magic
 + Level 9.1 Air Magic
 * Level 5.5 Invocations


You had 15 spell levels left.
You knew the following spells:

 Your Spells              Type           Power        Failure   Level
a - Shock                 Conj/Air       ####         1%          1
b - Swiftness             Air            ######..     1%          2
c - Static Discharge      Conj/Air       ######..     1%          3
d - Airstrike             Air            ######....   1%          4
e - Apportation           Tloc           ######       1%          1
f - Lightning Bolt        Conj/Air       ######....   4%          5
g - Ensorcelled Hibernat  Hex/Ice        ######       1%          2
h - Blink                 Tloc           N/A          1%          2

Your spell library contained the following spells:

 Spells                   Type           Power        Failure   Level
 Corona                   Hex            ######.      1%          1
 Magic Dart               Conj           ####         1%          1
 Poisonous Vapours        Pois/Air       ######       1%          2
 Slow                     Hex            ######..     1%          2
 Confusing Touch          Hex            ######..     1%          3
 Dazzling Flash           Conj/Hex       ######       1%          3
 Gell's Gravitas          Tloc           ######....   1%          3
 Mephitic Cloud           Conj/Pois/Air  ######..     1%          3
 Tukima's Dance           Hex            ######..     1%          3
 Summon Guardian Golem    Hex/Summ       #####...     2%          3
 Conjure Flame            Conj/Fire      #####...     3%          3
 Animate Skeleton         Necr           ###...       4%          1
 Sting                    Tmut/Pois      ###.         4%          1
 Summon Small Mammal      Summ           ###.         4%          1
 Call Imp                 Summ           ###.....     6%          2
 Summon Lightning Spire   Summ/Air       ######..     6%          4
 Metabolic Englaciation   Hex/Ice        ######....   10%         5
 Call Canine Familiar     Summ           ###.....     12%         3
 Ignite Poison            Fire/Tmut/Pois ###.....     12%         3
 Summon Ice Beast         Ice/Summ       #####...     14%         4
 Yara's Violent Unravell  Hex/Tmut       #####.....   26%         5
 Olgreb's Toxic Radiance  Pois           ###.....     36%         4
 Petrify                  Tmut/Erth      ###.....     36%         4


Dungeon Overview and Level Annotations

Branches:
Dungeon (11/15)            Temple (1/1) D:4             Orc (1/2) D:9
   Lair: D:8-11

Altars:
Ashenzari
Cheibriados
Dithmenos
Elyvilon
Fedhas
Gozag
Hepliaklqana
Kikubaaqudgha
Makhleb
Okawaru
Qazlal
Ru
Sif Muna
Trog
Uskayaw
Vehumet
Wu Jian
Yredelemnul
Zin

Shops:
D:4 (   D:9 (


Message History

The water elemental is severely damaged.
Your lungs strain for air!
The water elemental misses you.
You barely miss the water elemental.
The water elemental is severely damaged.
Your lungs strain for air!
The water elemental hits you!
* * * LOW HITPOINT WARNING * * *
Your magical contamination has completely faded away.
You feel better.
Your lungs strain for air!
The water elemental hits you.
* * * LOW HITPOINT WARNING * * *
You hit the water elemental but do no damage.
The water elemental flickers and vanishes!
Deactivating autopickup; reactivate with Ctrl-A.
* * * LOW HITPOINT WARNING * * *
Your lungs strain for air!
Something hits you!
You die...

# #
#######################
#≈....@.....≈≈≈........
#≈.≈≈≈{≈≈≈≈.≈≈≈.≈≈≈≈≈≈≈
#.$..≈≈≈≈≈≈.....≈≈≈≈≈≈≈
#≈≈≈.≈≈≈≈≈≈≈≈≈≈≈≈≈≈≈≈≈≈
#≈≈≈.≈≈≈≈≈≈≈≈≈≈≈≈≈≈≈≈≈≈
.....?≈≈≈≈≈≈≈≈≈≈≈≈≈≈≈≈≈≈
##≈≈[≈≈≈≈≈≈≈≈≈≈≈≈≈≈≈†≈≈≈
......................≈
#≈≈≈≈≈≈≈≈≈≈≈≈≈≈≈≈≈≈≈≈..


There were no monsters in sight!

Vanquished Creatures
  Erolcha (D:9)
  An unseen horror (D:10)
  Pikel (D:8)
  A gargoyle (D:11)
  2 trolls
  Grinder (D:4)
  Prince Ribbit (D:8)
  6 yaks (D:9)
  A water elemental (D:11)
  A water moccasin (D:6)
  4 ice beasts
  4 sky beasts
  4 orc warriors
  2 black bears
  A necrophage (D:10)
  3 phantoms
  7 centaurs
  6 ogres
  Blork the orc (D:6)
  4 bullfrogs
  2 water moccasin zombies (D:9)
  A scorpion (D:8)
  A water moccasin skeleton (D:9)
  4 killer bees (D:10)
  12 wights
  5 electric eels
  5 howler monkeys
  A bullfrog zombie (D:7)
  A centaur zombie (D:8)
  2 jellies
  2 quasits (D:9)
  5 orc priests
  3 hounds
  Crazy Yiuf (D:6)
  2 centaur skeletons
  A bullfrog skeleton (D:4)
  7 worker ants
  2 iguanas
  8 orc wizards
  A killer bee zombie (D:7)
  5 gnolls
  7 adders
  A shadow imp (D:8)
  2 white imps
  3 ufetubi
  An ooze (D:4)
  A worm (D:4)
  2 dart slugs
  2 leopard geckos
  50 orcs
  7 giant cockroaches
  8 goblins
  8 hobgoblins
  10 jackals
  5 quokkas
  5 bats
  6 frilled lizards
  10 kobolds
  2 quokka skeletons
  9 rats
262 creatures vanquished.

Vanquished Creatures (others)
  6 fungi (D:6)
  8 plants
14 creatures vanquished.

Grand Total: 276 creatures vanquished

Notes
Turn   | Place    | Note
-------+----------+-------------------------------------------
     0 | D:1      | jiml777 the Deep Elf Air Elementalist began the quest for
                  | the Orb.
     0 | D:1      | Reached XP level 1. HP: 10/10 MP: 6/6
   197 | D:1      | Reached XP level 2. HP: 7/15 MP: 0/8
   645 | D:1      | Reached XP level 3. HP: 18/19 MP: 5/10
  1542 | D:2      | Found a broken altar of Ashenzari.
  1669 | D:3      | Noticed a +0 hand axe
  1670 | D:3      | Noticed a +0 hand axe
  1674 | D:3      | Found a hide-covered altar of Uskayaw.
  1782 | D:3      | Reached XP level 4. HP: 24/24 MP: 9/11
  1997 | D:3      | Reached skill level 4 in Spellcasting
  2001 | D:3      | Learned a level 2 spell: Swiftness
  2005 | D:3      | Learned a level 3 spell: Static Discharge
  2010 | D:3      | Learned a level 4 spell: Airstrike
  2031 | D:3      | Found a white marble altar of Elyvilon.
  2679 | D:4      | Reached skill level 5 in Spellcasting
  2679 | D:4      | Reached XP level 5. HP: 17/28 MP: 8/14
  2946 | D:4      | Found a basalt altar of Yredelemnul.
  3286 | D:4      | Found Riog's Antique Weapon Boutique.
  3354 | D:4      | Found a radiant altar of Vehumet.
  3400 | D:4      | Found a staircase to the Ecumenical Temple.
  3409 | Temple   | Entered the Ecumenical Temple
  3424 | Temple   | Became a worshipper of Sif Muna the Loreminder
  3448 | D:4      | Noticed Grinder
  3484 | D:4      | Paralysed by Grinder for 5 turns
  3512 | D:4      | Killed Grinder
  3513 | D:4      | Reached skill level 6 in Spellcasting
  3513 | D:4      | Reached XP level 6. HP: 26/32 MP: 2/17
  3693 | D:4      | You fall into a shaft and drop 2 floors!
  3693 | D:6      | Found a snail-covered altar of Cheibriados.
  3693 | D:6      | Found a glowing silver altar of Zin.
  3871 | D:6      | Found a sacrificial altar of Ru.
  3970 | D:6      | Reached skill level 7 in Spellcasting
  3972 | D:6      | Reached XP level 7. HP: 36/36 MP: 0/19
  4175 | D:6      | Reached skill level 5 in Air Magic
  4266 | D:6      | Reached skill level 8 in Spellcasting
  4548 | D:6      | Found a blossoming altar of Fedhas.
  4709 | D:6      | Noticed Blork the orc
  4712 | D:6      | Killed Blork the orc
  4791 | D:6      | Found a burning altar of Makhleb.
  4793 | D:6      | Found an ancient bone altar of Kikubaaqudgha.
  4822 | D:6      | Reached skill level 9 in Spellcasting
  4822 | D:6      | Reached XP level 8. HP: 41/41 MP: 14/23
  5074 | D:6      | Reached skill level 10 in Spellcasting
  5162 | D:6      | Learned a level 1 spell: Apportation
  5168 | D:6      | Learned a level 5 spell: Lightning Bolt
  5171 | D:6      | Learned a level 2 spell: Ensorcelled Hibernation
  5434 | D:6      | Found a runed translucent door.
  5435 | D:6      | Noticed Crazy Yiuf
  5440 | D:6      | Killed Crazy Yiuf
  5694 | D:6      | Learned a level 2 spell: Blink
  5906 | D:7      | Found a hazy altar of Hepliaklqana.
  5916 | D:7      | Reached skill level 1 in Hexes
  6067 | D:7      | Reached skill level 1 in Translocations
  6067 | D:7      | Reached skill level 1 in Ice Magic
  6067 | D:7      | Reached skill level 1 in Invocations
  6267 | D:7      | Reached * piety under Sif Muna
  6315 | D:7      | Got a shimmering war axe
  6315 | D:7      | Identified the +7 war axe of the Bruised Violins {drain,
                  | +Blink rElec MR+ Int-2} (You found it on level 7 of the
                  | Dungeon)
  6456 | D:7      | Reached XP level 9. HP: 25/45 MP: 0/25
  7793 | D:8      | Reached skill level 11 in Spellcasting
  8040 | D:8      | Noticed Prince Ribbit
  8043 | D:8      | Killed Prince Ribbit
  8449 | D:8      | Reached ** piety under Sif Muna
  8453 | D:8      | Reached skill level 5 in Conjurations
  8645 | D:8      | Found an ornate altar of the Wu Jian Council.
  8646 | D:8      | Noticed Pikel
  8651 | D:8      | Killed Pikel
  8652 | D:8      | Reached XP level 10. HP: 49/50 MP: 3/27
  9989 | D:9      | Found Toecaa's Antique Weapon Shoppe.
 10203 | D:9      | Noticed Erolcha
 10207 | D:9      | Killed Erolcha
 10208 | D:9      | Reached skill level 12 in Spellcasting
 10208 | D:9      | Reached skill level 5 in Hexes
 10621 | D:9      | Found a staircase to the Orcish Mines.
 11352 | D:9      | Reached *** piety under Sif Muna
 11488 | D:10     | Entered Level 10 of the Dungeon
 11564 | D:10     | Reached skill level 5 in Translocations
 11623 | D:10     | Reached skill level 5 in Invocations
 11770 | D:10     | Killed an unseen horror
 11771 | D:10     | Reached XP level 11. HP: 18/53 MP: 9/29
 12427 | Orc:1    | Entered Level 1 of the Orcish Mines
 12427 | Orc:1    | Noticed an orc warlord
 13103 | D:11     | Mangled by a water elemental

Illustrated notes

Levels and vault maps discovered:
D:1:      saegor_arrival_miasma, layout_basic
D:2:      layout_basic, marbit_many_paths
D:3:      layout_basic, dancing_weapons_uskayaw, lemuel_crystal_altar
D:4:      layout_basic, nicolae_overflow_hidden_temple, old_standard_altar,
          minmay_temple_entry_junction_2, serial_shops, shop,
          serial_bayou_pond_d, uniq_grinder
D:6:      layout_basic, gammafunk_temple_overflow_wave, kennysheep_mini_moat,
          minitemple, fedhas_altar_3, uniq_crazy_yiuf_cottage,
          uniq_blork_the_orc
D:7:      layout_basic, old_standard_altar
D:8:      layout_basic, basic_altar, serial_bayou_lagoon_a, uniq_prince_ribbit1,
          uniq_pikel
D:9:      layout_roguey, hiddenorc2_lemuel, serial_shops, nicolae_shop_trees,
          uniq_erolcha
D:10:     layout_gridville, enter_bailey_3
D:11:     layout_basic, dpeg_oklobed_lair, serial_shops,
          nicolae_shop_statue_plus
Temple:   eino_wide_crystal_templ
Orc:1:    layout_diamond_mine

Skill      XL: |  1  2  3  4  5  6  7  8  9 10 11 |
---------------+----------------------------------+-----
Conjurations   | 2 3 4 5 6 |  6.1
Spellcasting   | 5 6 7 9 10 11 12 | 12.9
Air Magic      | 4 5 7 8 9 |  9.1
Stealth        | 3 |  3.5
Hexes          | 1 4 6 7 |  7.1
Translocations | 1 3 5 |  5.6
Ice Magic      | 1 3 4 |  4.8
Invocations    | 2 3 5 |  5.5
Fighting       | |  0.1
Staves         | |  0.5
Dodging        | |  2.9

Action                   |  1- 3 |  4- 6 |  7- 9 | 10-12 || total
-------------------------+-------+-------+-------+-------++-------
Melee: Unarmed           |     2 |       |       |       ||     2
       Quarterstaff      |       |       |    11 |     8 ||    19
 Cast: Shock             |    78 |    53 |    17 |    27 ||   175
       Airstrike         |       |    12 |   123 |   149 ||   284
       Lightning Bolt    |       |       |       |     8 ||     8
       Swiftness         |       |       |       |     2 ||     2
Invok: Channel Magic     |       |       |       |     8 ||     8
  Use: Potion            |       |     5 |       |     2 ||     7
       Scroll            |       |     4 |     8 |     5 ||    17
Armor: Robe              |     4 |     2 |    10 |    26 ||    42
Dodge: Dodged            |    13 |     8 |    24 |    56 ||   101

Table legend: (Time is in decaauts)
 A = Elapsed time spent in this place.
 B = Non-inter-level travel time spent in this place.
 C = Inter-level travel time spent in this place.
 D = Time resting spent in this place.
 E = Time spent auto-exploring this place.
 F = Levels seen in this place.
 G = Mean time per level.
                   A        B        C        D        E       F      G
               +--------+--------+--------+--------+--------+-----+--------+
         Total |  13115 |  12866 |    249 |   6858 |   3763 |  12 | 1092.9 |
       Dungeon |  13081 |  12847 |    234 |   6858 |   3753 |  10 | 1308.1 |
        Temple |     30 |     15 |     15 |      0 |     10 |   1 |   30.0 |
  Orcish Mines |      3 |      3 |      0 |      0 |      0 |   1 |    3.0 |
               +--------+--------+--------+--------+--------+-----+--------+

Top non-repeatable levels by time:
     D:6: 2313 daAuts
     D:9: 2193 daAuts
     D:7: 1773 daAuts
     D:8: 1710 daAuts
     D:4: 1339 daAuts
    D:10: 1102 daAuts
     D:1: 969 daAuts
     D:2: 697 daAuts
     D:3: 656 daAuts
    D:11: 325 daAuts
  Temple: 30 daAuts
   Orc:1: 3 daAuts
